 Dungeon Crawl Stone Soup version 0.20.0 (webtiles) character file.

275 Llamajah the Shield-Bearer (level 6, -5/49 HPs)
             Began as a Formicid Fighter on June 15, 2017.
             Slain by a black bear (7 damage)
             ... created by the rage of Trog
             ... on level 3 of the Dungeon.
             The game lasted 00:07:36 (2730 turns).

Llamajah the Shield-Bearer (Formicid Fighter)       Turns: 2730, Time: 00:07:37

Health: -5/49      AC:  7    Str: 22    XL:     6   Next: 50%
Magic:  6/6        EV:  9    Int:  8    God:
Gold:   107        SH:  9    Dex: 10    Spells: 5/5 levels left

rFire    . . .     SeeInvis +   a - +0 war axe
rCold    . . .     Gourm    .   c - +0 shield
rNeg     . . .     Faith    .   b - +0 scale mail
rPois    .         Spirit   .   (helmet unavailable)
rElec    .         Reflect  .   (no cloak)
rCorr    .         Harm     .   (no gloves)
MR       .....                  (no boots)
Stlth    ..........             m - amulet of regeneration
Regen    0.6/turn               (no ring)
MPRegen  0.1/turn               (no ring)

@: drained
A: permanent stasis, dig shafts and tunnels, four strong arms, antennae 3
a: Dig, Shaft Self


You were on level 3 of the Dungeon.
You were not hungry.

You visited 1 branch of the dungeon, and saw 3 of its levels.

You collected 107 gold pieces.

Inventory:

Hand Weapons
 a - a +0 war axe (weapon)
Armour
 b - a +0 scale mail (worn)
 c - a +0 shield (worn)
Jewellery
 m - an amulet of regeneration (around neck)
Scrolls
 h - 2 scrolls of fog {unknown}
 i - a scroll of noise {unknown}
 j - 3 scrolls of identify {unknown}
 k - 3 scrolls of remove curse {unknown}
 n - a scroll of amnesia {unknown}
 o - a scroll of recharging {unknown}
 p - a scroll of teleportation {unknown}
Potions
 d - a potion of might
 e - a potion of heal wounds {unknown}
 l - a potion of lignification {unknown}
Comestibles
 f - 4 bread rations
 g - 3 royal jellies
 q - 14 chunks of flesh


   Skills:
 + Level 4.3(3.9) Fighting
 + Level 3.1(2.6) Axes
 + Level 4.7(4.2) Armour
 + Level 2.1(1.7) Dodging
 + Level 4.8(4.4) Shields


You had 5 spell levels left.
You didn't know any spells.

Dungeon Overview and Level Annotations

Branches:
Dungeon (3/15)

Altars:
Ashenzari
Trog
Vehumet


Innate Abilities, Weirdness & Mutations

You cannot be hasted, slowed, berserked, paralysed or teleported.
You can dig through walls and to a lower floor.
Your four strong arms can wield two-handed weapons with a shield.
You have a pair of large antennae on your head. (SInv)


Message History

The black bear completely misses you. The black bear claws you.
* * * LOW HITPOINT WARNING * * *
You block the black bear's attack.
The black bear bites you but does no damage.
The black bear claws you.
* * * LOW HITPOINT WARNING * * *
The black bear closely misses you. The black bear bites you.
* * * LOW HITPOINT WARNING * * *
The black bear barely misses you.
The black bear claws you but does no damage.
Unknown command.
Unknown command.
Unknown command.
Unknown command.
Your shield and scale mail prevent you from hitting the black bear.
The black bear is moderately wounded.
You slash the black bear!
The black bear rages.
The black bear bites you!
You die...

..###.#####..............####....
..#......................'..'....
..#.#.#########..#.......####....
..#.#... #.(#.......# #....
..#.###### #..#.......# #####
........... #)†#########
........... #))# #### ...########
#))# #... ........... #.@# #.##
.#.######## #hh# #.# .#.# #.h#
#.# .#.# #..# #.# .#.# #... #.#
.#.# .... #.# ##.# #.#.# #.# ##.#
#. .# #.# ...# #.#


You could see 3 black bears.

Vanquished Creatures
  The ghost of loopi the Magician, a weakling DECj (D:3)
  An orc priest (D:3)
  An orc wizard (D:3)
  4 gnolls (D:2)
  6 adders
  An ooze (D:1)
  5 worms (D:2)
  A dart slug (D:1)
  3 leopard geckos
  11 orcs (D:3)
  11 bats
  A giant cockroach (D:2)
  6 goblins
  6 hobgoblins
  9 kobolds
  3 quokkas
  7 frilled lizards
  7 rats
  A fungus (D:1)
85 creatures vanquished.

Vanquished Creatures (others)
  A ball python (D:3)
1 creature vanquished.

Grand Total: 86 creatures vanquished

Notes
Turn   | Place    | Note
-------+----------+-------------------------------------------
     0 | D:1      | Llamajah the Formicid Fighter began the quest for the Orb.
     0 | D:1      | Reached XP level 1. HP: 18/18 MP: 1/1
   256 | D:1      | Reached XP level 2. HP: 20/24 MP: 2/2
   520 | D:1      | Reached XP level 3. HP: 27/29 MP: 3/3
   547 | D:1      | Reached skill level 1 in Dodging
  1096 | D:2      | Reached XP level 4. HP: 12/36 MP: 4/4
  1474 | D:2      | Reached XP level 5. HP: 22/42 MP: 5/5
  1724 | D:2      | Noticed a moth of wrath
  1727 | D:2      | Found a bloodstained altar of Trog.
  1821 | D:2      | Became a worshipper of Trog the Wrathful
  2023 | D:3      | Reached XP level 6. HP: 39/48 MP: 6/6
  2083 | D:3      | Found a radiant altar of Vehumet.
  2123 | D:3      | Noticed loopi's ghost (weakling DECj)
  2132 | D:3      | Killed loopi's ghost
  2232 | D:3      | Found a shattered altar of Ashenzari.
  2394 | D:3      | Fell from the grace of Trog
  2724 | D:3      | Noticed a black bear
  2724 | D:3      | Noticed a black bear
  2724 | D:3      | Noticed a black bear
  2729 | D:3      | HP: 1/49 [black bear[the rage of Trog] (2)]
  2730 | D:3      | Slain by a black bear

Skill      XL: |  1  2  3  4  5  6 |
---------------+-------------------+-----
Dodging        | 1 2 |  2.1
Shields        | 4 |  4.8
Armour         | 4 |  4.7
Fighting       | 4 |  4.3
Axes           | 3 |  3.1

Action                   |  1- 3 |  4- 6 || total
-------------------------+-------+-------++-------
Melee: War axe           |   105 |   163 ||   268
Invok: Renounce Religion |       |     1 ||     1
 Abil: Dig               |     1 |       ||     1
  Eat: Chunk             |     1 |     6 ||     7
Armor: Scale mail        |    43 |    69 ||   112
Dodge: Dodged            |    35 |    80 ||   115
Block: Shield            |    67 |   101 ||   168
